 Dungeon Crawl Stone Soup version 0.20.1-1-g8b1a95d (webtiles) character file.

43653 vineage the Blocker (level 14, -2/87 HPs)
             Began as a Gargoyle Fighter on Oct 6, 2017.
             Was the Champion of Okawaru.
             Slain by a 16-headed hydra (4 damage)
             ... on level 4 of the Lair of Beasts.
             The game lasted 00:29:08 (16156 turns).

vineage the Blocker (Gargoyle Fighter)             Turns: 16156, Time: 00:29:09

Health: -2/87      AC: 25    Str: 23    XL:     14   Next: 25%
Magic:  0/14       EV: 23    Int: 10    God:    Okawaru [******]
Gold:   1398       SH:  0    Dex: 13    Spells: 13/13 levels left

rFire    + . .     SeeInvis .   G - +12 war axe "Nimes" {chop, Stlth+}
rCold    + . .     Gourm    .   c - +4 shield
rNeg     + . .     Faith    .   Y - +4 ring mail of Ehok {rC+ rCorr Str-4}
rPois    ∞         Spirit   +   Z - +0 hat
rElec    +         Reflect  .   T - scarf {Spirit}
rCorr    +         Harm     .   (no gloves)
MR       +....                  Q - +2 pair of boots {Stlth+}
Stlth    ++++......             (no amulet)
Regen    0.3/turn               e - +3 ring of evasion
MPRegen  0.2/turn               S - ring of protection from fire

@: confused, mighty, heroism
A: big wings, horns 1, repulsion field 1, large bone plates 1, thin skeletal
structure 1, negative energy resistance 1, electricity resistance, unbreathing,
petrification resistance, rot immunity, AC +9
a: Fly, Heroism, Finesse, Renounce Religion


You were on level 4 of the Lair of Beasts.
You worshipped Okawaru.
Okawaru was exalted by your worship.
You were hungry.

You visited 3 branches of the dungeon, and saw 18 of its levels.
You also visited: Volcano.

You collected 1398 gold pieces.

Inventory:

Hand Weapons
 a - a +1 double sword
 G - the +12 war axe "Nimes" (weapon) {chop, Stlth+}
   (Okawaru gifted it to you on level 9 of the Dungeon)

   It inflicts extra damage upon your enemies.
   It makes you more stealthy.
 M - the +1 hand axe of Megalomania {flame, Int+5}
   (Okawaru gifted it to you on level 11 of the Dungeon)

   It has been specially enchanted to burn those struck by it, causing extra
   injury to most foes and up to half again as much damage against particularly
   susceptible opponents.
   Big, fiery blades are also staple armaments of hydra-hunters.
   It affects your intelligence (+5).
 R - a +0 scimitar of flaming
Armour
 c - a +4 shield (worn)
 Q - a +2 pair of boots of stealth (worn)
 T - a scarf of spirit shield (worn)
 Y - the +4 ring mail of Ehok (worn) {rC+ rCorr Str-4}
   (You found it on level 1 of the Lair of Beasts)

   It affects your strength (-4).
   It protects you from cold.
   It protects you from acid and corrosion.
 Z - a +0 hat (worn)
Jewellery
 b - an uncursed ring of fire
 e - a +3 ring of evasion (left hand)
 p - an uncursed ring of wizardry
 u - an uncursed ring of positive energy
 S - a ring of protection from fire (right hand)
Wands
 d - a wand of iceblast (14/15)
 q - a wand of acid (9/15)
 C - a wand of iceblast (7/15)
 H - a wand of scattershot (4/9)
 J - a wand of iceblast (7/15)
 L - a wand of lightning (9/15)
 N - a wand of enslavement (8/24)
 V - a wand of confusion (35/48)
Scrolls
 j - 5 scrolls of fear
 m - 2 scrolls of remove curse
 n - 2 scrolls of magic mapping
 o - 3 scrolls of teleportation
 r - a scroll of random uselessness
 D - a scroll of amnesia
 E - 2 scrolls of recharging
 I - a scroll of identify
 O - 2 scrolls of silence {unknown}
 U - a scroll of blinking
 W - a scroll of enchant armour
Potions
 g - 5 potions of brilliance
 i - 2 potions of lignification
 k - 6 potions of agility
 v - a potion of haste {unknown}
 w - 5 potions of mutation
 z - a potion of invisibility {unknown}
 K - 2 potions of degeneration {unknown}
 X - 2 potions of curing
Books
 t - a book of Death

   Spells                             Type                      Level
   a - Corpse Rot                     Necromancy                   2
   b - Sublimation of Blood           Necromancy                   2
   c - Agony                          Necromancy                   5
   d - Dispel Undead                  Necromancy                   5
   e - Excruciating Wounds            Charms/Necromancy            5
   f - Bolt of Draining               Conjuration/Necromancy       5
 y - a book of Minor Magic

   Spells                             Type                      Level
   a - Magic Dart                     Conjuration                  1
   b - Blink                          Translocation                2
   c - Call Imp                       Summoning                    2
   d - Slow                           Hexes                        2
   e - Conjure Flame                  Conjuration/Fire             3
   f - Mephitic Cloud                 Conjuration/Poison/Air       3
 P - a book of Air

   Spells                             Type                      Level
   a - Shock                          Conjuration/Air              1
   b - Swiftness                      Charms/Air                   2
   c - Static Discharge               Conjuration/Air              3
   d - Airstrike                      Air                          4
   e - Lightning Bolt                 Conjuration/Air              5
Comestibles
 f - 10 bread rations
 h - 6 meat rations
 l - 9 royal jellies
 s - 7 fruits


   Skills:
 + Level 9.7(14.7) Fighting
 + Level 1.0(6.0) Long Blades
 + Level 10.9(17.4) Axes
   Level 10.8(17.8) Maces & Flails
 + Level 8.1(13.1) Armour
 + Level 6.7(11.7) Dodging
 + Level 6.6(11.6) Stealth
 + Level 13.0(18.0) Shields
 + Level 0.4 Invocations


You had 13 spell levels left.
You didn't know any spells.

Dungeon Overview and Level Annotations

Branches:
Dungeon (13/15)            Temple (1/1) D:4            Lair (4/6) D:9
  Swamp (0/4) Lair:3       Spider (0/4) Lair:2          Orc (0/2) D:11
 Vaults (0/5) D:13

Altars:
Ashenzari
Dithmenos
Gozag
Kikubaaqudgha
Makhleb
Okawaru
Qazlal
Ru
Sif Muna
Trog
Uskayaw
Vehumet
Xom
Beogh


Innate Abilities, Weirdness & Mutations

You are resistant to torment.
Your stone body is resilient. (AC +9)
You are immune to poison.
Your large and strong wings let you fly indefinitely.
You resist negative energy. (rN+)
You are resistant to electric shocks. (rElec)
You can survive without breathing.
You are immune to petrification.
You are immune to rotting.
You have a pair of small horns on your head.
You are surrounded by a mild repulsion field. (EV +2)
You are partially covered in large bone plates. (SH +4)
You have a somewhat thin skeletal structure. (Dex +2, Stealth)


Message History

The 16-headed hydra bites you but does no damage. x2
The 16-headed hydra misses you.
The 16-headed hydra completely misses you.
The 16-headed hydra closely misses you. The 16-headed hydra barely misses you.
The 16-headed hydra completely misses you.
The 16-headed hydra bites you.
* * * LOW HITPOINT WARNING * * *
The 16-headed hydra bites you but does no damage. x2
You bump into the rock wall.
The 16-headed hydra bites you!
* * * LOW HITPOINT WARNING * * *
The 16-headed hydra barely misses you. The 16-headed hydra misses you.
The 16-headed hydra completely misses you.
The 16-headed hydra closely misses you.
The 16-headed hydra bites you but does no damage.
The 16-headed hydra misses you. The 16-headed hydra bites you.
* * * LOW HITPOINT WARNING * * *
The 16-headed hydra completely misses you.
The 16-headed hydra bites you but does no damage.
The 16-headed hydra bites you.
You die...

.## #...###......Y ##
#...#......... #
##............. ###
#.##.......... .P#
####.....P.... .##
###P......###.
..######.P.......#.##
.....#.#......P.....#
#..............#@..#.#
##..............D...#
####...........P........
##.#............##......
##............... ......
................ ......
...##........... .....#
...##.#......... ....#
...###........


You could see a 16-headed hydra.

Vanquished Creatures
  4 hydras
  A two-headed ogre (D:11)
  Urug (Lair:3)
  The ghost of lorenzova the Eclecticist, a journeyman DECj of Vehumet (Volcano)
  2 skeletal warriors (Volcano)
  An unseen horror (D:13)
  A lindwurm (Lair:2)
  Pikel (D:7)
  An anaconda skeleton (Volcano)
  A deep elf mage (D:13)
  8 slime creatures
  A cyclops (D:13)
  4 ugly things
  A manticore (D:12)
  2 black mambas
  Joseph (D:7)
  An elephant (D:9)
  8 gargoyles
  A centaur skeleton (D:13)
  7 spiny frogs
  A rime drake (Lair:3)
  6 kobold demonologists
  4 komodo dragons
  An efreet (D:13)
  A polar bear (Lair:2)
  3 hornets
  6 trolls
  Prince Ribbit (D:8)
  3 blink frogs (Lair:2)
  2 harpy skeletons (Volcano)
  11 hippogriffs
  2 wyverns
  3 alligator skeletons (Volcano)
  2 flying skulls (Volcano)
  A wraith (D:12)
  28 yaks
  A basilisk (Lair:1)
  4 hogs (D:7)
  4 vampires
  2 hungry ghosts
  A human (D:7)
  5 vampire mosquitoes
  A soldier ant (D:13)
  3 acid dragons
  7 water moccasins
  6 porcupines
  2 ice beasts (D:11)
  8 orc warriors
  3 sky beasts
  2 ogres
  3 necrophages
  4 phantoms
  3 black bears
  3 wolves (Lair:3)
  The ghost of Frank the Skirmisher, an amateur OpFi (D:3)
  9 centaurs
  14 crocodiles
  5 big kobolds
  9 bullfrogs
  4 scorpions (Lair:2)
  A killer bee (D:10)
  A spriggan skeleton (Volcano)
  10 wights
  2 troll skeletons (Volcano)
  4 howler monkeys
  10 crimson imps
  2 centaur zombies (D:11)
  6 hounds
  2 jellies
  4 orc priests
  A bullfrog skeleton (D:12)
  3 iguanas
  13 worker ants
  10 orc wizards
  A killer bee zombie (D:9)
  2 hound zombies (D:10)
  2 naga skeletons (Volcano)
  7 gnolls
  2 howler monkey skeletons
  10 adders
  A shadow imp (D:7)
  2 adder zombies
  An ooze (D:5)
  3 adder skeletons
  5 worms
  5 leopard geckos
  41 orcs
  4 giant cockroaches
  11 goblins
  7 hobgoblins
  4 jackals (D:8)
  36 kobolds
  3 quokkas
  3 bats
  4 frilled lizards
  A jackal skeleton (D:4)
  A leopard gecko skeleton (D:5)
  A leopard gecko zombie (D:6)
  3 quokka skeletons
  22 rats
  3 plants (Lair:2)
481 creatures vanquished.

Vanquished Creatures (others)
  A slave (D:7)
  An orc wizard (D:7)
  An orc priest (D:7)
  2 orcs (D:7)
  A fungus (Lair:1)
  7 plants
13 creatures vanquished.

Grand Total: 494 creatures vanquished

Notes
Turn   | Place    | Note
-------+----------+-------------------------------------------
     0 | D:1      | vineage the Gargoyle Fighter began the quest for the Orb.
     0 | D:1      | Reached XP level 1. HP: 14/14 MP: 1/1
    43 | D:1      | Reached XP level 2. HP: 19/19 MP: 2/2
   812 | D:2      | Reached XP level 3. HP: 12/23 MP: 3/3
  1535 | D:3      | Noticed Frank's ghost (amateur OpFi)
  1547 | D:3      | Killed Frank's ghost
  1547 | D:3      | Reached XP level 4. HP: 29/29 MP: 4/4
  1547 | D:3      | Reached XP level 5. HP: 33/33 MP: 5/5
  2639 | D:4      | Found a staircase to the Ecumenical Temple.
  2644 | D:4      | Noticed a phantom
  2676 | D:4      | Killed a phantom
  2676 | D:4      | Reached skill level 1 in Dodging
  2676 | D:4      | Reached skill level 4 in Shields
  2676 | D:4      | Reached XP level 6. HP: 31/38 MP: 6/6
  2680 | Temple   | Entered the Ecumenical Temple
  2691 | Temple   | Became a worshipper of Warmaster Okawaru
  3417 | D:5      | Entered Level 5 of the Dungeon
  3496 | D:5      | Reached XP level 7. HP: 29/44 MP: 7/7
  3502 | D:5      | Reached skill level 5 in Maces & Flails
  3823 | D:5      | Noticed a hungry ghost
  3861 | D:5      | Killed a hungry ghost
  3861 | D:5      | Reached * piety under Okawaru
  3861 | D:5      | Reached skill level 5 in Armour
  3861 | D:5      | Reached skill level 5 in Shields
  4250 | D:5      | Reached XP level 8. HP: 22/48 MP: 8/8
  4802 | D:6      | Reached skill level 6 in Shields
  4899 | D:6      | Reached skill level 5 in Fighting
  4909 | D:6      | Gained mutation: You have a somewhat thin skeletal structure. (Dex +2, Stealth) [potion of mutation]
  4909 | D:6      | Gained mutation: You are partially covered in large bone plates. (SH +4) [potion of mutation]
  4909 | D:6      | Gained mutation: You are surrounded by a mild repulsion field. (EV +2) [potion of mutation]
  4909 | D:6      | Gained mutation: You have a pair of small horns on your head. [potion of mutation]
  5464 | D:6      | Reached ** piety under Okawaru
  5483 | D:6      | HP: 1/49 [orc/club (3)]
  5814 | D:6      | Reached XP level 9. HP: 54/54 MP: 9/9
  5991 | D:7      | Found a stormy altar of Qazlal.
  6105 | D:7      | Noticed Pikel
  6115 | D:7      | Killed Pikel
  6115 | D:7      | Reached *** piety under Okawaru
  6115 | D:7      | Reached skill level 1 in Stealth
  6115 | D:7      | Reached skill level 7 in Shields
  6143 | D:7      | Noticed Joseph
  6152 | D:7      | Killed Joseph
  6437 | D:7      | Reached **** piety under Okawaru
  6454 | D:7      | Reached skill level 8 in Shields
  6463 | D:7      | Reached XP level 10. HP: 14/60 MP: 8/10
  7206 | D:8      | Noticed Prince Ribbit
  7430 | D:8      | Killed Prince Ribbit
  7461 | D:8      | Reached ***** piety under Okawaru
  7509 | D:9      | Reached skill level 9 in Shields
  7618 | D:9      | Found a staircase to the Lair.
  7618 | D:9      | Noticed an elephant
  7643 | D:9      | Killed an elephant
  8002 | D:9      | Received a gift from Okawaru
  8006 | D:9      | Got a polished war axe {god gift}
  8017 | D:9      | Reached skill level 10 in Maces & Flails
  8043 | D:9      | HP: 3/61 [orc priest/divine providence (11)]
  8059 | D:9      | Found a roughly hewn altar of Beogh.
  8333 | D:10     | Entered Level 10 of the Dungeon
  8338 | D:10     | Reached XP level 11. HP: 66/66 MP: 11/11
  8784 | D:10     | Reached skill level 10 in Shields
  9066 | D:11     | Noticed a red ugly thing
  9091 | D:11     | Killed a red ugly thing
  9103 | D:11     | Identified the +12 war axe "Nimes" {chop, Stlth+} (Okawaru gifted it to you on level 9 of the Dungeon)
  9166 | D:11     | Reached skill level 1 in Axes
  9420 | D:11     | Noticed a two-headed ogre
  9431 | D:11     | Killed a two-headed ogre
  9464 | D:11     | Found a staircase to the Orcish Mines.
  9514 | D:11     | Received a gift from Okawaru
  9517 | D:11     | Got an ancient hand axe {god gift}
  9518 | D:11     | Identified the +1 hand axe of Megalomania {flame, Int+5} (Okawaru gifted it to you on level 11 of the Dungeon)
 10090 | D:12     | Received a gift from Okawaru
 10374 | D:12     | Noticed a manticore
 10380 | D:12     | Killed a manticore
 10380 | D:12     | Reached skill level 5 in Dodging
 10410 | D:12     | Reached skill level 5 in Axes
 10454 | D:12     | Reached XP level 12. HP: 62/73 MP: 12/12
 10651 | D:12     | Reached skill level 11 in Shields
 11078 | D:12     | Reached ****** piety under Okawaru
 11246 | D:13     | Received a gift from Okawaru
 11710 | D:13     | Found a gate to the Vaults.
 11848 | D:13     | Reached XP level 13. HP: 79/79 MP: 13/13
 11861 | D:13     | Reached skill level 5 in Stealth
 12104 | D:13     | Reached skill level 12 in Shields
 12537 | Lair:1   | Entered Level 1 of the Lair of Beasts
 13116 | Lair:1   | Reached skill level 1 in Long Blades
 13119 | Lair:1   | Got a bloodstained ring mail
 13130 | Lair:1   | Identified the +4 ring mail of Ehok {rC+ rCorr Str-4} (You found it on level 1 of the Lair of Beasts)
 13235 | Lair:1   | Found a dark tunnel.
 13248 | Volcano  | Entered a volcano
 13299 | Volcano  | Noticed lorenzova's ghost (journeyman DECj)
 13318 | Volcano  | Killed lorenzova's ghost
 13348 | Volcano  | Received a gift from Okawaru
 13682 | Lair:1   | You fall through a shaft!
 13686 | Lair:2   | Found a hole to the Spider Nest.
 13994 | Lair:1   | Reached skill level 10 in Axes
 14807 | Lair:2   | Received a gift from Okawaru
 14807 | Lair:2   | Gained mutation: Your large and strong wings let you fly indefinitely. [Gargoyle growth]
 14807 | Lair:2   | Reached XP level 14. HP: 81/86 MP: 12/14
 15248 | Lair:3   | Found a staircase to the Swamp.
 15282 | Lair:3   | Noticed Urug
 15315 | Lair:3   | Killed Urug
 15420 | Lair:3   | Reached skill level 13 in Shields
 16154 | Lair:4   | HP: 1/87 [16-headed hydra (8)]
 16156 | Lair:4   | Slain by a 16-headed hydra

Skill      XL: |  1  2  3  4  5  6  7  8  9 10 11 12 13 14 |
---------------+-------------------------------------------+-----
Maces & Flails | 3 4 5 6 8 10 | 10.8
Armour         | 4 5 6 7 8 |  8.1
Fighting       | 4 5 6 7 8 9 |  9.7
Dodging        | 1 2 3 4 5 6 |  6.7
Shields        | 4 5 6 8 9 10 11 12 13 | 13.0
Stealth        | 1 3 4 6 |  6.6
Axes           | 5 8 10 | 10.9
Long Blades    | 1 |  1.0
Invocations    | |  0.4

Action                   |  1- 3 |  4- 6 |  7- 9 | 10-12 | 13-15 || total
-------------------------+-------+-------+-------+-------+-------++-------
Melee: Flail             |   103 |   212 |   249 |       |       ||   564
       Morningstar       |       |       |   166 |   337 |       ||   503
       Headbutt          |       |       |    17 |   134 |    85 ||   236
       War axe           |       |       |       |   330 |   391 ||   721
       Scimitar          |       |       |       |       |    16 ||    16
Invok: Heroism           |       |       |     1 |     2 |     2 ||     5
  Use: Scroll            |     7 |       |    13 |     4 |     3 ||    27
       Potion            |     2 |     1 |     9 |     8 |     2 ||    22
 Stab: Sleeping          |       |       |       |    18 |    26 ||    44
       Distracted        |       |       |       |     3 |     4 ||     7
  Eat: Chunk             |     1 |     7 |    10 |    17 |    13 ||    48
       Meat ration       |       |       |     3 |       |       ||     3
       Fruit             |       |       |     1 |     3 |     1 ||     5
       Royal jelly       |       |       |     1 |       |       ||     1
Armor: Scale mail        |    30 |       |       |       |       ||    30
       Ring mail         |     6 |    82 |   154 |   117 |   176 ||   535
Dodge: Dodged            |    22 |    63 |   178 |   195 |   297 ||   755
Block: Shield            |    40 |   119 |   340 |   623 |   508 ||  1630
       Rpst.: Scimitar   |       |       |       |       |     3 ||     3
